Map: Ulrena

Players

MythiC

  • Race: Terran Terran
  • League: Grandmaster

Miszu - Winner!

  • Race: Terran Terran
  • League: Master

VOD

Have the link to the VOD?

Description

Time

  • Played on: April 24, 2016, 12:39 p.m.
  • Length: 7:23
Show
View Real Time Build Order
Export as new Build Order

MythiC Terran 

Build Orders: 1/1/1, Banshee Rush 

Get SALT Encoding   

  12  0:01  SCV  
  13  0:13  SCV  
  14  0:18  Supply Depot  
  14  0:25  SCV  
  15  0:39  SCV  
  16  0:43  Barracks  
  16  0:46  Refinery  
  16  0:51  SCV  
  16  0:54  Refinery  
  17  1:04  SCV  
  18  1:16  SCV  
  19  1:30  Marine, Orbital Command  
  20  1:38  Factory  
  20  1:50  Supply Depot, Marine  
  21  1:56  SCV  
  22  2:08  SCV  
  22  2:14  Barracks Reactor  
  23  2:20  SCV  
  23  2:22  Starport, Hellion  
  26  2:32  SCV  
  27  2:39  Supply Depot  
  27  2:44  SCV  
  27  2:45  Factory Tech Lab  
  28  2:51  Marine x2  
  28  2:57  SCV  
  31  3:01  Medivac  
  33  3:06  Widow Mine  
  33  3:09  SCV  
  33  3:10  Marine x2  
  38  3:13  Supply Depot  
  38  3:21  SCV  
  39  3:34  Marine x2  
  39  3:35  SCV  
  42  3:42  Factory Tech Lab  
  42  3:43  Cloaking Field  
  42  3:44  Raven  
  44  3:49  SCV  
  45  4:18  Marine x2  
  45  4:23  Command Center  
  45  4:24  Supply Depot  
  47  4:45  Marine x2, Siege Tank, Banshee  
  53  5:03  Reaper  
  53  5:05  Command Center, SCV  
  55  5:07  Supply Depot  
  55  5:29  Marine, Siege Tank, SCV  
  60  5:42  Banshee  
  61  5:45  Marine  
  61  5:46  Orbital Command  
  49  6:01  Siege Tank  
  54  6:12  Supply Depot  
  52  6:24  Orbital Command x2  
  48  6:33  Siege Tank, Banshee  
  50  6:53  SCV  
Show
View Real Time Build Order
Export as new Build Order

Miszu Terran - Winner!

Build Orders: 1/1/1 

Get SALT Encoding   

  12  0:01  SCV  
  13  0:13  SCV  
  14  0:18  Supply Depot  
  14  0:25  SCV  
  15  0:40  SCV  
  16  0:42  Barracks  
  16  0:46  Refinery  
  16  0:52  SCV  
  16  0:53  Refinery  
  17  1:04  SCV  
  18  1:16  SCV  
  19  1:30  Orbital Command  
  19  1:32  Marine  
  20  1:34  Factory  
  20  1:43  Supply Depot  
  20  1:52  Marine  
  21  1:56  SCV  
  22  2:08  SCV  
  23  2:10  Marine  
  24  2:19  Starport  
  24  2:21  Hellion  
  24  2:22  SCV  
  27  2:28  Barracks Reactor  
  27  2:32  Supply Depot  
  27  2:34  SCV  
  28  2:42  Factory Tech Lab  
  28  2:46  SCV  
  29  2:59  SCV  
  30  3:08  Raven  
  30  3:11  Marine, Factory Tech Lab  
  30  3:12  Supply Depot, Marine  
  34  3:13  SCV  
  35  3:29  Marine, Siege Tank  
  35  3:33  Marine  
  40  3:41  Supply Depot  
  40  3:58  Viking x2  
  44  4:11  Marine  
  44  4:16  Siege Tank  
  48  4:17  SCV  
  49  4:28  Viking  
  49  4:29  Marine  
  49  4:30  Supply Depot  
  54  4:38  Medivac  
  54  4:43  SCV  
  53  4:55  SCV  
  53  4:58  Viking  
  56  5:07  SCV  
  56  5:08  Supply Depot  
  56  5:14  Viking  
  59  5:21  Marine  
  59  5:28  Viking  
  62  5:32  Command Center  
  60  5:48  Marine  
  60  5:49  Viking  
  62  5:51  Siege Tank  
  62  6:04  SCV  
  62  6:05  Viking  
  62  6:06  Marine  
  63  6:16  SCV  
  60  6:24  Marine  
  58  6:28  SCV  
  58  6:40  SCV  
  58  6:42  Marine  
  58  6:46  Siege Tank  
  62  6:59  Marine  
  62  7:02  SCV  
Tags
 
Add a new tag
Caveats
  • Supply blocks, unpowered buildings, or Contaminate may cause inaccurate times.
  • Supply counts are checked every 10 seconds.